 Dungeon Crawl Stone Soup version 0.18.1-8-gdd0e5ea (webtiles) character file.

6948 smeego the Destroyer (level 10, -3/70 HPs)
             Began as a Demonspawn Wanderer on May 28, 2016.
             Was a Believer of Vehumet.
             Slain by a blink frog (15 damage)
             ... on level 2 of the Lair of Beasts.
             The game lasted 00:27:53 (10393 turns).

smeego the Destroyer (Demonspawn Wanderer)         Turns: 10393, Time: 00:27:54

Health: -3/70      AC: 12    Str: 10    XL:     10   Next: 80%
Magic:  33/33      EV: 10    Int: 15    God:    Vehumet [**....]
Gold:   643        SH:  4    Dex: 17    Spells: 5 memorised, 19 levels left

rFire  + . .     SeeInvis .     M - +2 flail (protect)
rCold  . . .     Gourm    .     P - +0 leather armour {rPois}
rNeg   . . .     Faith    .     (no shield)
rPois  +         Spirit   .     h - +2 hat
rElec  .         Dismiss  .     (no cloak)
rCorr  .         Reflect  +     (no gloves)
SustAt .         Harm     .     (no boots)
MR     .....                    r - +2 amulet of reflection
Stlth  ++........               A - ring of magical power
                                b - ring of protection from fire

@: not resistant to hostile enchantments, unstealthy
A: horns 2, large bone plates 1, powered by death 1, spiny 1
a: Renounce Religion


You were on level 2 of the Lair of Beasts.
You worshipped Vehumet.
Vehumet was pleased with you.
You were not hungry.

You visited 3 branches of the dungeon, and saw 12 of its levels.

You collected 643 gold pieces.

Inventory:

Hand Weapons
 F - a +0 rapier of flaming
 M - a +2 flail of protection (weapon)
Missiles
 t - 299 stones (quivered)
Armour
 h - a +2 hat (worn)
 j - a +3 leather armour
 n - a +1 leather armour of fire resistance
 P - a +0 leather armour of poison resistance (worn)
Jewellery
 a - a +4 ring of dexterity
 b - a ring of protection from fire (left hand)
 g - an uncursed ring of see invisible
 o - an uncursed ring of flight
 r - a +2 amulet of reflection (around neck)
 A - a ring of magical power (right hand)
 R - an uncursed ring of stealth
Wands
 z - a wand of paralysis (12/24)
 I - a wand of random effects (20/48)
 L - a wand of iceblast (10/15)
 Q - a wand of flame (14/48)
 U - a wand of paralysis (15/24)
 X - a wand of heal wounds (7/9)
Scrolls
 i - 2 scrolls of fog
 k - 9 scrolls of identify
 q - 2 scrolls of teleportation
 v - 3 scrolls of magic mapping
 C - 2 scrolls of recharging
 D - 4 scrolls of remove curse
 O - a scroll of amnesia
Potions
 c - 7 potions of curing
 T - 3 potions of brilliance
 W - a potion of haste
 Y - a potion of cure mutation
Comestibles
 f - 10 bread rations
 p - 3 beef jerkies
 u - 5 meat rations
 x - 2 slices of pizza
 N - 7 fruits
 Z - 2 chunks of flesh


   Skills:
 * Level 3.1 Fighting
 - Level 1.3 Maces & Flails
 - Level 1.0 Stealth
   Level 1.0 Shields
 - Level 10.0 Spellcasting
 * Level 10.5 Conjurations
 - Level 6.5 Earth Magic
 + Level 1.0 Poison Magic


You had 19 spell levels left.
You knew the following spells:

 Your Spells              Type           Power        Failure   Level  Hunger
a - Shock                 Conj/Air       ###.         1%          1    None
b - Sandblast             Erth           ####..       1%          1    None
c - Stone Arrow           Conj/Erth      ####..       1%          3    None
d - Throw Flame           Conj/Fire      ###...       2%          2    None
e - Mephitic Cloud        Conj/Pois/Air  ###.....     12%         3    None


Dungeon Overview and Level Annotations

Branches:
Dungeon (9/15)             Temple (1/1) D:7            Lair (2/8) D:9
    Orc: D:9-12

Altars:
Ashenzari
Cheibriados
Dithmenos
Elyvilon
Fedhas
Gozag
Kikubaaqudgha
Makhleb
Nemelex Xobeh
Okawaru
Pakellas
Qazlal
Ru
Sif Muna
Trog
Vehumet
Xom
Yredelemnul
Zin
The Shining One

Annotations:
Lair:1 exclusion: oklob plant


Innate Abilities, Weirdness & Mutations

You have a pair of horns on your head.
You are partially covered in large bone plates (AC +2, SH +2).
You regenerate a little health from kills.
You are partially covered in sharp spines.


Message History

The blink frog hits you! x2; The blink frog blinks!
The blink frog is struck by your spines.
The blink frog hits you. The blink frog barely misses you.
The blink frog is struck by your spines.
The blink frog hits you but does no damage.
The blink frog blinks!
You hit the blink frog.
The blink frog is moderately wounded.
The blink frog blinks!
You block the blink frog's attack.
The blink frog hits you but does no damage.
The blink frog is struck by your spines.
The blink frog hits you!
The blink frog blinks!
The blink frog hits you!
The blink frog blinks!
You block the blink frog's attack.
The blink frog blinks!
The blink frog hits you!
* * * LOW HITPOINT WARNING * * *
The blink frog is struck by your spines.
The blink frog hits you!
You die...

....#####.##...#
.#.... #.###
##...### ...#
#.# #P...P# ..#
#.# ##....# #.##
#.# #....###..#
#.# ##..##...#
#.# ##...###..#
... #...####.###
... ##..##.#F@F#
##...F§...##
#..F...####
#..##### ##. #F
#. .. #.


You could see 4 blink frogs.

Vanquished Creatures
  The ghost of babuloseo the Carver, a novice HuFi of Okawaru (D:8)
  A spiny frog (Lair:1)
  A spriggan (D:7)
  5 yaks (D:9)
  Eustachio (D:6)
  The ghost of babuloseo the Skirmisher, an amateur HuFi (D:4)
  Grum (D:9)
  A steam dragon (D:9)
  4 hippogriffs
  A warg (D:9)
  A porcupine (Lair:1)
  A water moccasin (Lair:1)
  2 orc warriors
  3 sky beasts
  2 black bears
  2 ice beasts (D:9)
  2 ogres
  A phantom (D:4)
  2 wolves (D:9)
  A centaur (D:9)
  A crocodile (Lair:1)
  A big kobold (D:9)
  5 giant frogs
  A gnoll sergeant (D:9)
  A scorpion (D:6)
  5 wights (D:8)
  3 crimson imps
  A centaur zombie (D:7)
  A jelly (D:9)
  2 quasits
  12 orc wizards
  2 centaur skeletons
  2 giant frog zombies
  4 hounds
  2 giant frog skeletons
  10 orc priests
  2 iguanas
  4 worker ants
  Terence (D:3)
  Robin (D:2)
  9 adders
  15 gnolls
  A howler monkey skeleton (D:7)
  10 river rats (Lair:1)
  3 shadow imps
  An adder zombie (D:5)
  An adder skeleton (D:5)
  2 worms
  2 dart slugs
  6 giant geckos
  31 orcs
  A ball python (D:2)
  5 giant cockroaches
  16 goblins
  12 hobgoblins
  7 jackals
  11 kobolds
  A quokka (D:3)
  9 bats
  9 giant newts
  4 rats
251 creatures vanquished.

Notes
Turn   | Place    | Note
--------------------------------------------------------------
     0 | D:1      | smeego the Demonspawn Wanderer began the quest for the Orb.
     0 | D:1      | smeego set off with: a book of Geomancy, Naimmypt's Tome of Weightlessness, a potion of curing, a +0 robe, a +0 dagger, a bread ration
     0 | D:1      | Reached XP level 1. HP: 13/13 MP: 3/3
     0 | D:1      | Identified Naimmypt's Tome of Weightlessness
     2 | D:1      | Learned a level 1 spell: Shock
     4 | D:1      | Learned a level 1 spell: Sandblast
   768 | D:1      | Gained mutation: You have a pair of small horns on your head. [demonic ancestry]
   768 | D:1      | Reached XP level 2. HP: 8/19 MP: 1/5
  1793 | D:2      | Noticed Robin
  1797 | D:1      | Gained mutation: You are partially covered in sharp spines. [demonic ancestry]
  1797 | D:1      | Reached XP level 3. HP: 24/24 MP: 1/6
  2059 | D:2      | Killed Robin
  2091 | D:2      | Gained mutation: You regenerate a little health from kills. [demonic ancestry]
  2091 | D:2      | Reached XP level 4. HP: 23/30 MP: 1/7
  2487 | D:2      | Found a shadowy altar of Dithmenos.
  2616 | D:3      | Learned a level 3 spell: Stone Arrow
  2654 | D:3      | Noticed Terence
  2664 | D:3      | Killed Terence
  2664 | D:3      | Reached skill level 5 in Conjurations
  2818 | D:3      | Reached XP level 5. HP: 33/35 MP: 2/8
  3738 | D:4      | Gained mutation: You have a pair of horns on your head. [demonic ancestry]
  3738 | D:4      | Reached XP level 6. HP: 36/41 MP: 9/9
  3964 | D:4      | Noticed babuloseo's ghost (amateur HuFi)
  3999 | D:4      | Killed babuloseo's ghost
  3999 | D:4      | Reached XP level 7. HP: 37/46 MP: 10/10
  4144 | D:4      | Found a blossoming altar of Fedhas.
  4144 | D:4      | Found a bloodstained altar of Trog.
  4276 | D:5      | Entered Level 5 of the Dungeon
  4739 | D:5      | Reached XP level 8. HP: 44/52 MP: 6/11
  5441 | D:6      | Noticed Eustachio
  5472 | D:6      | Killed Eustachio
  5709 | D:6      | Reached skill level 5 in Spellcasting
  6132 | D:6      | Reached skill level 5 in Earth Magic
  6327 | D:7      | Found a staircase to the Ecumenical Temple.
  6351 | Temple   | Entered the Ecumenical Temple
  6391 | Temple   | Became a worshipper of Vehumet
  6435 | D:7      | Reached XP level 9. HP: 57/57 MP: 18/18
  6468 | D:7      | Found a burning altar of Makhleb.
  6469 | D:7      | Found an iron altar of Okawaru.
  6867 | D:7      | Reached * piety under Vehumet
  6867 | D:7      | Offered knowledge of Freeze by Vehumet.
  7045 | D:8      | Noticed babuloseo's ghost (novice HuFi)
  7721 | D:9      | Reached skill level 1 in Maces & Flails
  7831 | D:9      | Noticed Grum
  7838 | D:9      | Killed Grum
  8311 | D:8      | Killed babuloseo's ghost
  8311 | D:8      | Gained mutation: You are partially covered in large bone plates (AC +2, SH +2). [demonic ancestry]
  8311 | D:8      | Reached XP level 10. HP: 63/63 MP: 12/23
  8603 | D:9      | Reached ** piety under Vehumet
  8606 | D:9      | Offered knowledge of Throw Flame by Vehumet.
  8738 | D:9      | Found a staircase to the Lair.
  8758 | D:9      | Reached skill level 10 in Spellcasting
  8775 | D:9      | Found a shimmering altar of Xom.
  8876 | D:9      | Reached skill level 1 in Fighting
  9450 | Lair:1   | Entered Level 1 of the Lair of Beasts
  9491 | Lair:1   | Learned a level 2 spell: Throw Flame
  9635 | Lair:1   | Offered knowledge of Mephitic Cloud by Vehumet.
  9640 | Lair:1   | Learned a level 3 spell: Mephitic Cloud
  9823 | Lair:1   | Reached skill level 10 in Conjurations
  9869 | Lair:1   | Noticed a spiny frog
  9877 | Lair:1   | Killed a spiny frog
 10043 | Lair:1   | Noticed an oklob plant
 10393 | Lair:2   | Slain by a blink frog

Skill      XL: |  1  2  3  4  5  6  7  8  9 10 |
---------------+-------------------------------+-----
Conjurations   | 4 5 6 7 9 10 | 10.5
Earth Magic    | 2 3 5 6 |  6.5
Spellcasting   | 6 9 10 | 10.0
Maces & Flails | 1 |  1.3
Fighting       | 3 |  3.1
Stealth        | |  1.0
Shields        | |  1.0
Poison Magic   | |  1.0

Action                   |  1- 3 |  4- 6 |  7- 9 | 10-12 || total
-------------------------+-------+-------+-------+-------++-------
Melee: Dagger            |    48 |    59 |    44 |       ||   151
       Headbutt          |     5 |    14 |    14 |       ||    33
       Hand axe          |       |     1 |       |       ||     1
       Flail             |       |       |    26 |    11 ||    37
 Cast: Shock             |    53 |    74 |   239 |    86 ||   452
       Stone Arrow       |       |     4 |    65 |    61 ||   130
       Sandblast         |       |       |       |     2 ||     2
  Use: Scroll            |     5 |     6 |     4 |     5 ||    20
       Potion            |     1 |     2 |     6 |       ||     9
 Stab: Sleeping          |       |     2 |     1 |       ||     3
  Eat: Chunk             |     5 |     7 |    14 |     3 ||    29
       Pizza             |       |     1 |       |       ||     1
       Bread ration      |       |       |     2 |       ||     2
Armor: Robe              |    11 |       |       |       ||    11
       Leather armour    |     8 |    19 |    73 |    18 ||   118
       Skin              |    34 |     5 |       |       ||    39
Dodge: Dodged            |    47 |    31 |    91 |    23 ||   192
Block: Other             |       |       |       |     5 ||     5
